General information
- name: BNet
- type: Ladder team game (AT/RT)
- host: Battle.net
- saver: iggy_the_fisk
map: Avalanche
- players: 4
- length: 15:25
- speed: Fast
- version: 1.21 W3XP
- replay type:

» download(101 KB)
Players
team 1 (loser)
LessonsLearned (
orange | 134 APM | 2047 actions | 15:19)
4 Death Knight
3 Death Coil
1 Unholy Aura
2 Lich
1 Frost Nova
1 Dark Ritual
1 Crypt Lord
1 Impale
» actions
| Assign group hotkey | 40 | |
| Basic commands | 19 | |
| Build / train | 61 | |
| Enter build submenu | 19 | |
| Enter hero's abilities submenu | 7 | |
| Give item / drop item | 3 | |
| Right click | 952 | |
| Select / deselect | 270 | |
| Select group hotkey | 534 | |
| Use ability | 142 | |
2047 total
» units
| Acolyte | 3 | |
| Ghoul | 1 | |
| Crypt Fiend | 12 | |
| Obsidian Statue | 6 | |
| Frost Wyrm | 2 | |
24 total
» upgrades
| Creature Attack | 1 | |
| Burrow | 1 | |
| Destroyer Form | 1 | |
3 total
» buildings
| Graveyard | 1 | |
| Crypt | 1 | |
| Ziggurat | 9 | |
| Altar of Darkness | 1 | |
| Tomb of Relics | 1 | |
| Nerubian Tower | 2 | |
| Halls of the Dead | 2 | |
| Slaughterhouse | 1 | |
| Sacrificial Pit | 1 | |
| Black Citadel | 2 | |
| Boneyard | 2 | |
| Spirit Tower | 2 | |
25 total
» build order
00:08 Graveyard
00:10 Crypt
00:28 Ziggurat
00:49 Altar of Darkness
01:47 Tomb of Relics
01:56 Ziggurat
02:37 Nerubian Tower
02:38 Nerubian Tower
04:16 Halls of the Dead
04:16 Halls of the Dead
04:46 Ziggurat
06:42 Slaughterhouse
06:43 Sacrificial Pit
06:45 Black Citadel
06:45 Black Citadel
07:19 Ziggurat
10:10 Boneyard
10:11 Boneyard
12:23 Ziggurat
12:24 Ziggurat
12:55 Ziggurat
13:28 Ziggurat
13:32 Ziggurat
14:02 Spirit Tower
14:40 Spirit Tower
» items
| Rod of Necromancy | 2 | |
| Scroll of Town Portal | 2 | |
| Potion of Healing | 2 | |
| Orb of Corruption | 1 | |
7 total
SPH1NX (
red | 80 APM | 1225 actions | 15:23)
2 Priestess of the Moon
1 Searing Arrows
1 Trueshot Aura
» actions
| Assign group hotkey | 27 | |
| Basic commands | 5 | |
| Build / train | 30 | |
| Enter build submenu | 8 | |
| Enter hero's abilities submenu | 2 | |
| Remove unit from queue | 1 | |
| Right click | 579 | |
| Select / deselect | 198 | |
| Select group hotkey | 327 | |
| Use ability | 48 | |
1225 total
» units
» upgrades
» buildings
| Altar of Elders | 1 | |
| Moon Well | 4 | |
| Hunter's Hall | 1 | |
| Ancient of War | 2 | |
8 total
» build order
00:07 Altar of Elders
00:24 Moon Well
01:49 Hunter's Hall
01:54 Ancient of War
02:19 Ancient of War
02:36 Moon Well
03:51 Moon Well
07:23 Moon Well
team 2 (winner)

»
iggy_the_fisk (
green | 127 APM | 1957 actions | 15:25)
3 Archmage
2 Summon Water Elemental
1 Brilliance Aura
2 Mountain King
1 Storm Bolt
1 Thunder Clap
» actions
| Assign group hotkey | 55 | |
| Basic commands | 26 | |
| Build / train | 64 | |
| Enter build submenu | 27 | |
| Enter hero's abilities submenu | 5 | |
| Right click | 1220 | |
| Select / deselect | 304 | |
| Select group hotkey | 177 | |
| Use ability | 79 | |
1957 total
» units
| Peasant | 9 | |
| Footman | 7 | |
| Sorceress | 9 | |
| Priest | 7 | |
32 total
» upgrades
| Defend | 1 | |
| Lumber Harvesting | 1 | |
| Sorceress Training | 1 | |
| Priest Training | 1 | |
4 total
» buildings
| Altar of Kings | 1 | |
| Barracks | 1 | |
| Farm | 7 | |
| Keep | 5 | |
| Scout Tower | 7 | |
| Lumber Mill | 1 | |
| Arcane Tower | 1 | |
| Arcane Vault | 1 | |
| Guard Tower | 8 | |
| Arcane Sanctum | 2 | |
| Castle | 1 | |
| Town Hall | 2 | |
37 total
» build order
00:07 Altar of Kings
00:34 Barracks
00:40 Farm
01:03 Farm
01:56 Farm
01:57 Farm
02:42 Keep
02:43 Keep
02:43 Keep
02:54 Scout Tower
03:11 Lumber Mill
03:25 Arcane Tower
03:30 Arcane Vault
03:45 Scout Tower
04:01 Farm
04:42 Guard Tower
05:09 Arcane Sanctum
05:49 Arcane Sanctum
06:04 Farm
06:30 Farm
09:07 Guard Tower
09:32 Guard Tower
09:32 Guard Tower
10:30 Scout Tower
10:33 Scout Tower
10:52 Guard Tower
11:00 Guard Tower
11:33 Scout Tower
11:55 Guard Tower
11:57 Scout Tower
12:30 Guard Tower
12:34 Castle
13:04 Town Hall
13:17 Town Hall
13:50 Scout Tower
» items
| Potion of Healing | 1 | |
| Scroll of Regeneration | 1 | |
| Ivory Tower | 3 | |
| Mechanical Critter | 1 | |
6 total

»
timg4strok (
yellow | 125 APM | 1930 actions | 15:24)
4 Death Knight
2 Death Coil
2 Unholy Aura
3 Lich
2 Frost Nova
1 Frost Armor
» actions
| Assign group hotkey | 21 | |
| Basic commands | 51 | |
| Build / train | 44 | |
| Enter build submenu | 14 | |
| Enter hero's abilities submenu | 7 | |
| Give item / drop item | 1 | |
| Right click | 930 | |
| Select / deselect | 153 | |
| Select group hotkey | 665 | |
| Use ability | 44 | |
1930 total
» units
| Acolyte | 2 | |
| Ghoul | 2 | |
| Crypt Fiend | 16 | |
| Obsidian Statue | 2 | |
| Gargoyle | 2 | |
24 total
» upgrades
| Web | 1 | |
| Burrow | 1 | |
| Creature Attack | 2 | |
| Creature Carapace | 1 | |
5 total
» buildings
| Crypt | 1 | |
| Graveyard | 1 | |
| Ziggurat | 6 | |
| Altar of Darkness | 1 | |
| Tomb of Relics | 2 | |
| Halls of the Dead | 2 | |
| Nerubian Tower | 1 | |
| Slaughterhouse | 1 | |
| Spirit Tower | 1 | |
16 total
» build order
00:08 Crypt
00:11 Graveyard
00:27 Ziggurat
00:47 Altar of Darkness
01:05 Ziggurat
02:11 Tomb of Relics
02:15 Tomb of Relics
03:19 Ziggurat
04:27 Halls of the Dead
04:27 Halls of the Dead
05:48 Ziggurat
06:13 Nerubian Tower
07:59 Slaughterhouse
09:22 Ziggurat
12:32 Spirit Tower
12:34 Ziggurat
» items
| Scroll of Town Portal | 1 | |
| Potion of Healing | 1 | |
2 total
Chat log
(15:07 / All) SPH1NX: gg
(15:09 / All) timg4strok: gg
(15:10 / All) iggy_the_fisk: gg